Map: Acid Plant LE

Players

Hellraiser

  • Race: Protoss Protoss
  • Spawn Location: 11:00

Snute - Winner!

  • Race: Zerg Zerg
  • Spawn Location: 5:00

Event: IEM Season 12 - Katowice

VOD

Have the link to the VOD?

Description

Time

  • Played on: Feb. 27, 2018, 6:11 a.m.
  • Length: 6:48

All games in this series

Show
View Real Time Build Order
Export as new Build Order

Hellraiser Protoss 

Build Orders: 1 Gate Expand 

Get SALT Encoding   

  12  0:01  Probe  
  13  0:13  Probe  
  14  0:21  Pylon  
  14  0:25  Probe  
  15  0:39  Probe (Chrono Boost)  
  15  0:40  Gateway  
  16  0:47  Probe (Chrono Boost)  
  16  0:48  Assimilator  
  17  0:54  Probe  
  18  1:06  Probe  
  19  1:21  Nexus  
  19  1:24  Probe  
  20  1:36  Cybernetics Core  
  20  1:38  Probe  
  21  1:45  Assimilator  
  21  1:50  Probe  
  22  1:56  Pylon  
  22  2:02  Probe  
  23  2:12  Adept (Chrono Boost)  
  23  2:14  Probe, Warp Gate  
  26  2:25  Robotics Facility  
  26  2:29  Probe (Chrono Boost)  
  27  2:33  Probe (Chrono Boost)  
  27  2:34  Stalker (Chrono Boost)  
  28  2:43  Probe x2 (Chrono Boost)  
  32  2:50  Probe  
  33  2:52  Probe  
  34  3:02  Probe  
  34  3:03  Twilight Council  
  34  3:04  Probe  
  36  3:10  Immortal (Chrono Boost)  
  40  3:31  Gateway  
  40  3:36  Gateway  
  40  3:41  Gateway x2  
  40  3:43  Charge (Chrono Boost)  
  40  3:49  Gateway  
  40  3:53  Gateway  
  40  3:57  Warp Prism (Chrono Boost)  
  42  4:06  Pylon  
  42  4:09  Pylon  
  42  4:15  Gateway  
  42  4:19  Zealot  
  44  4:26  Pylon  
  44  4:38  Pylon  
  44  4:40  Zealot x4  
  44  4:41  Zealot  
  44  4:44  Zealot  
  56  4:51  Zealot  
  50  5:22  Zealot x4  
  50  5:23  Zealot x3  
  50  5:34  Zealot  
  52  5:38  Zealot  
  54  5:42  Zealot x3  
  54  5:43  Zealot x3  
  54  5:46  Pylon  
  60  6:07  Zealot x4  
  60  6:08  Zealot x4  
  44  6:28  Zealot x6  
  56  6:33  Zealot  
  56  6:34  Zealot  
Show
View Real Time Build Order
Export as new Build Order

Snute Zerg - Winner!

Build Orders: Hatch First 

Get SALT Encoding   

  12  0:00  Drone  
  13  0:12  Overlord  
  13  0:16  Drone  
  14  0:30  Drone x2  
  16  0:48  Hatchery  
  15  0:51  Drone  
  15  0:55  Drone  
  17  0:58  Drone  
  17  1:00  Extractor  
  17  1:13  Spawning Pool  
  17  1:17  Drone  
  17  1:20  Drone  
  18  1:28  Drone  
  19  1:38  Overlord  
  19  1:49  Drone  
  20  1:59  Queen  
  20  2:00  Metabolic Boost  
  22  2:03  Queen  
  22  2:07  Zergling x2  
  25  2:11  Drone  
  25  2:13  Drone  
  27  2:15  Drone  
  27  2:21  Drone  
  27  2:22  Drone  
  30  2:31  Drone  
  30  2:33  Drone  
  32  2:43  Hatchery  
  31  2:47  Queen  
  33  2:51  Overlord  
  33  2:55  Zergling x4  
  33  2:57  Zergling x2  
  36  3:11  Drone x7  
  43  3:15  Drone  
  44  3:26  Overlord  
  43  3:31  Roach Warren  
  43  3:32  Drone x2  
  44  3:39  Overlord  
  44  3:42  Extractor  
  44  3:44  Drone  
  44  3:45  Drone  
  44  3:46  Drone  
  44  3:47  Drone x2  
  44  3:48  Drone x3  
  51  3:51  Drone  
  51  3:54  Drone  
  53  3:55  Drone  
  53  4:00  Drone  
  55  4:03  Extractor  
  55  4:04  Lair  
  54  4:11  Queen x2  
  54  4:14  Roach  
  60  4:18  Roach  
  60  4:20  Spore Crawler  
  60  4:21  Overlord  
  61  4:25  Roach  
  61  4:27  Spine Crawler  
  61  4:28  Roach  
  61  4:30  Roach  
  66  4:32  Overlord  
  66  4:38  Overlord  
  66  4:41  Roach  
  66  4:42  Roach x2  
  72  4:47  Roach  
  72  4:52  Roach x3  
  80  4:57  Roach  
  80  4:58  Roach  
  84  5:00  Overlord  
  84  5:03  Roach  
  86  5:09  Roach x2  
  88  5:18  Zergling x2  
  88  5:19  Zergling x16  
  89  5:30  Overlord  
  89  5:31  Roach x2  
  89  5:32  Roach  
  89  5:34  Zergling x2  
  89  5:35  Roach x2, Zergling x2  
  97  5:37  Overlord  
  97  5:42  Overlord  
  97  5:49  Ravager  
  99  5:50  Ravager  
  99  5:53  Roach x2  
  100  5:57  Roach  
  100  5:58  Roach x4  
  100  6:03  Roach  
  100  6:04  Roach x2  
  108  6:09  Overlord  
  96  6:13  Roach x2  
  98  6:20  Roach x3  
  98  6:25  Roach x2  
  106  6:28  Roach  

Tags
 
Add a new tag
Caveats
  • Supply blocks, unpowered buildings, or Contaminate may cause inaccurate times.
  • Supply counts are checked every 10 seconds.